Cogmind - Beta 13 *** ADVENTURER MODE // 2024.07.21 @ 19:35:38 Player: CheeseWheeler Result: Destroyed by G-47 Trooper with Particle Gun Performance ------------- Evolutions (2) 1000 Regions Visited (5) 1000 Robots Destroyed (56) 280 Value Destroyed (1328) 1328 Prototype IDs (2) 40 Alien Tech Used (0) 0 Bonus (-35) -35 TOTAL SCORE: 3613 Bonus ------- Friendly Fire -35 Cogmind --------- Core Integrity 0/550 Matter 12/300 Energy 100/100 System Corruption 0% Temperature Cool (9) Movement Core (350) Ox6 Location -8/Materials Parts ------- > --- POWER (2) -------- (None) > --- PROPULSION (3) --- (None) > --- UTILITY (3) ------ Large Storage Unit > --- WEAPON (3) ------- (None) > --- INVENTORY (15) --- Deuterium Engine ECM Suite Explosive Trap Explosive Trap Peak State ------------ > --- POWER ------------ Ion Engine Ion Engine > --- PROPULSION ------- Wheel Wheel Wheel > --- UTILITY ---------- Small Storage Unit High-capacity Matter Pod Sensor Array > --- WEAPON ----------- Enhanced Autogun Rocket Launcher Rocket Launcher > --- INVENTORY -------- Deuterium Engine ECM Suite Light Cannon Rocket Launcher Rocket Launcher Rocket Launcher Explosive Trap Explosive Trap [Rating: 17] Favorites ----------- Power Ion Engine Engine Ion Engine Propulsion Wheel Treads Light Treads Leg Aluminum Leg Wheel Wheel Utility High-capacity Matter Pod Device Sensor Array Storage High-capacity Matter Pod Processor Visual Processing Unit Weapon Rocket Launcher Energy Gun EM Pulse Gun Ballistic Gun Assault Rifle Ballistic Cannon Light Cannon Launcher Rocket Launcher Build | -11 -10 -10 -9 -9 -8 ------- Run | Yrd Mat Min Mat Min Mat Slots Evolved 4 | . . . 2 . 2 Power 1 | . . . . . 1 Propulsion 1 | . . . . . 1 Utility 1 | . . . 1 . . Weapon 1 | . . . 1 . . Parts Attached 41 | 8 8 1 10 2 12 Power 3 | 1 . . . . 2 Engine 3 | 1 . . . . 2 Core . | . . . . . . Reactor . | . . . . . . Propulsion 10 | 4 4 1 . . 1 Treads 2 | 2 . . . . . Leg 2 | . 2 . . . . Wheel 6 | 2 2 1 . . 1 Hover . | . . . . . . Flight . | . . . . . . Utility 14 | 1 2 . 8 2 1 Device 10 | . . . 8 2 . Storage 3 | 1 1 . . . 1 Processor 1 | . 1 . . . . Hackware . | . . . . . . Protection . | . . . . . . Artifact . | . . . . . . Weapon 14 | 2 2 . 2 . 8 Energy Gun 2 | 1 . . . . 1 Energy Cannon . | . . . . . . Ballistic Gun 2 | 1 . . . . 1 Ballistic Cannon 1 | . . . . . 1 Launcher 9 | . 2 . 2 . 5 Special Weapon . | . . . . . . Impact Weapon . | . . . . . . Slashing Weapon . | . . . . . . Piercing Weapon . | . . . . . . Special Melee Weapon . | . . . . . . Unidentified Prototypes 2 | . . . . . 2 Parts Lost 13 | . . . . . 13 Power 2 | . . . . . 2 Propulsion 3 | . . . . . 3 Utility 2 | . . . . . 2 Weapon 6 | . . . . . 6 Highest Loss Streak 8 | . . . . . 8 To Critical Strikes . | . . . . . . Average Slot Usage (%) 95 | . 98 100 99 100 83 Engine 13 | . 14 14 11 11 15 Wheel 23 | . 28 28 22 22 21 Device 6 | . . . 11 11 6 Storage 22 | . 25 28 22 22 18 Energy Gun 1 | . 7 . . . . Ballistic Gun 1 | . 7 . . . 1 Launcher 25 | . 13 28 32 33 20 Naked Turns . | . . . . . . Heaviest Build 48 | 14 22 22 34 34 48 Greatest Support 30 | 26 26 26 20 20 30 Greatest Overweight (x) 10 | . . 2 1 1 10 Average Overweight (x) . | . . . 1 1 1 Largest Inventory Capacity 15 | 8 8 8 8 8 15 Average Capacity 8 | 6 8 8 8 8 11 Most Carried 8 | 4 8 8 8 8 8 Average Carried 6 | 2 6 7 6 7 6 Final Capacity 15 | 8 8 8 8 8 15 Final Carried 8 | 4 8 8 8 8 4 Class Distribution -------------------- 47% | Skirmisher 44% | Mutant 7% | Bomber Dominant Class ---------------- Mutant | -10/Materials Mutant | -10/Mines Skirmisher | -9/Materials Skirmisher | -9/Mines Skirmisher | -8/Materials Resources | -11 -10 -10 -9 -9 -8 ----------- Run | Yrd Mat Min Mat Min Mat Matter Collected 1081 | 273 277 130 41 221 139 Remotely . | . . . . . . Salvage Created 972 | . 103 162 83 95 529 Parts 73 | . 13 14 11 10 25 Haulers Intercepted 2 | . . . . . 2 Recyclers Shooed 1 | . . . . . 1 Parts Field Recycled 24 | . . . 19 5 . Retrieved Matter 122 | . . . 116 6 . Parts Self-Destructed . | . . . . . . Prevented . | . . . . . . Kills | -11 -10 -10 -9 -9 -8 ------- Run | Yrd Mat Min Mat Min Mat Combat Hostiles Destroyed 34 | . 4 7 3 7 13 Guns 2 | . 2 . . . . AOE 32 | . 2 7 3 7 13 Classes Destroyed 11 | . 2 5 . . 4 Worker 6 | . . 1 . 2 3 Builder 6 | . . 1 1 1 3 Tunneler 2 | . . 2 . . . Hauler 2 | . . . . . 2 Recycler 2 | . . 1 . . 1 Watcher 4 | . 3 . . . 1 Swarmer 11 | . 4 3 . 4 . Grunt 20 | . . 4 3 3 10 Duelist 1 | . . . . . 1 Sentry 1 | . . . . . 1 Hunter 1 | . . . . . 1 Best Kill Streak 14 | . 2 6 4 5 14 Combat Bots Only 7 | . 2 3 3 3 7 Max Kills in Single Turn 5 | . 1 2 2 3 5 Gunslinging . | . . . . . . Exploded 3 | . 1 2 1 3 3 Melee . | . . . . . . Uniques/NPCs Destroyed . | . . . . . . Combat | -11 -10 -10 -9 -9 -8 -------- Run | Yrd Mat Min Mat Min Mat Hostile Shots Fired 186 | . 11 10 10 8 147 Missed 62 | . 3 5 7 4 43 Damage Taken 1718 | . 53 77 31 72 1485 Core 589 | . 13 16 . . 560 Absorbed by Shields . | . . . . . . Ignored by Resistances 490 | . 16 25 8 21 420 Regen/Repaired (Parts) 130 | . . . 39 . 91 Core Remaining (%) 96 | 100 . 88 . 100 . Volleys Fired 56 | . 12 8 4 7 25 Largest 3 | . 2 2 3 3 3 Hottest 99 | . 66 66 99 99 99 Shots Fired 106 | . 24 16 12 15 39 Gun 24 | . 18 . . . 6 Cannon 1 | . . . . . 1 Launcher 81 | . 6 16 12 15 32 Special . | . . . . . . Kinetic 16 | . 9 . . . 7 Thermal . | . . . . . . Explosive 81 | . 6 16 12 15 32 Electromagnetic 9 | . 9 . . . . Robot Hit Streak 12 | . 4 5 5 5 12 Robot Miss Streak 3 | . 3 1 1 2 3 Penetration Max . | . . . . . . Secondary Targets . | . . . . . . Shots Hit Robots 63 | . 12 12 6 7 26 Core Hits 97 | . 8 17 6 13 53 Critical Kills . | . . . . . . Critical Parts Destroyed . | . . . . . . Critical Strikes . | . . . . . . Melee Attacks . | . . . . . . Impact . | . . . . . . Slashing . | . . . . . . Piercing . | . . . . . . Sneak Attacks . | . . . . . . Combat Hostiles . | . . . . . . Follow-up Attacks . | . . . . . . Damage Inflicted 5171 | . 483 1040 414 773 2461 Guns 271 | . 175 . . . 96 Cannons 15 | . . . . . 15 Explosions 4885 | . 308 1040 414 773 2350 Melee . | . . . . . . Ramming . | . . . . . . Kinetic 184 | . 73 . . . 111 Thermal . | . . . . . . Explosive 4885 | . 308 1040 414 773 2350 Electromagnetic 102 | . 102 . . . . Impact . | . . . . . . Slashing . | . . . . . . Piercing . | . . . . . . Highest Corruption . | . . . . . . Average Corruption . | . . . . . . Corruption Purged . | . . . . . . Corruption Blocked . | . . . . . . Overload Shots . | . . . . . . Overflow Damage 166 | . 43 37 5 17 64 Projectiles . | . . . . . . Explosions 166 | . 43 37 5 17 64 Melee . | . . . . . . Knockbacks . | . . . . . . Impact . | . . . . . . Kinetic . | . . . . . . Secondary . | . . . . . . Self-Inflicted Damage 284 | . . 40 . 28 216 Shots 13 | . . 2 . 1 10 Rammed . | . . . . . . Targets Rammed . | . . . . . . Kicked . | . . . . . . Crushed . | . . . . . . Highest Temperature 98 | . 12 27 98 94 90 Average Temperature 28 | . 6 11 48 40 29 Received Heat Transfer 921 | . . 15 24 27 855 Siege Activations . | . . . . . . Robots Corrupted . | . . . . . . Combat Hostiles . | . . . . . . Parts Fried . | . . . . . . Impact Corruptions . | . . . . . . Robots Melted . | . . . . . . Combat Hostiles . | . . . . . . Parts Melted . | . . . . . . Heat Transferred . | . . . . . . Parts Sabotaged . | . . . . . . Parts Stolen . | . . . . . . Parts Stripped . | . . . . . . Power Chain Reactions . | . . . . . . Alert | -11 -10 -10 -9 -9 -8 ------- Run | Yrd Mat Min Mat Min Mat Peak Influence 387 | . 248 387 177 337 354 Initial 111 | . . 81 61 58 111 Average 177 | . 120 289 94 253 220 Maximum Alert Level 1 | . 1 1 . 1 1 Low Security (%) 62 | 100 83 25 100 43 36 Level 1 37 | . 16 74 . 56 63 Level 2 . | . . . . . . Level 3 . | . . . . . . Level 4 . | . . . . . . Level 5 . | . . . . . . High Security . | . . . . . . Max Security . | . . . . . . Squads Dispatched 7 | . . . 2 . 5 Investigation 4 | . . . 2 . 2 Extermination . | . . . . . . Reinforcement 3 | . . . . . 3 Assault . | . . . . . . Garrison . | . . . . . . Intercept . | . . . . . . Searches Triggered . | . . . . . . Construction Impeded 1 | . . . . . 1 Haulers Reinforced . | . . . . . . Active Scanning Responses . | . . . . . . Cargo Convoy Interrupts . | . . . . . . Stealth | -11 -10 -10 -9 -9 -8 --------- Run | Yrd Mat Min Mat Min Mat Distress Signals 5 | . . . 2 . 3 Communications Jammed . | . . . . . . Distress Signals . | . . . . . . Times Spotted 53 | . 11 7 5 6 24 Peak Tracking Total 9 | . 3 3 3 3 9 Tactical Retreats 4 | . 3 . 1 . . Traps | -11 -10 -10 -9 -9 -8 ------- Run | Yrd Mat Min Mat Min Mat Traps Triggered . | . . . . . . Indirectly . | . . . . . . Trap Hack Attempts . | . . . . . . Triggered . | . . . . . . Disarmed . | . . . . . . Reprogrammed . | . . . . . . Reused . | . . . . . . Traps Extracted . | . . . . . . Installed . | . . . . . . Triggered . | . . . . . . Most Traps Carried 2 | . . 2 2 2 2 Machines | -11 -10 -10 -9 -9 -8 ---------- Run | Yrd Mat Min Mat Min Mat Machines Disabled 7 | . . 1 2 2 2 Max in Single Turn 2 | . . 1 2 1 1 Machines Repaired . | . . . . . . Machines Dismantled . | . . . . . . Machines Sabotaged . | . . . . . . Overloaded Fab Kills . | . . . . . . Hacking | -11 -10 -10 -9 -9 -8 --------- Run | Yrd Mat Min Mat Min Mat Machines Accessed 8 | . . . 4 . 4 Terminals 6 | . . . 3 . 3 Fabricators . | . . . . . . Repair Stations 2 | . . . 1 . 1 Recycling Units . | . . . . . . Scanalyzers . | . . . . . . Garrison Access . | . . . . . . Total Hacks 24 | . . . 11 . 13 Successful 14 | . . . 6 . 8 Failed 10 | . . . 5 . 5 Catastrophic 3 | . . . 1 . 2 Database Lockouts . | . . . . . . Manual 11 | . . . 6 . 5 Terminals 16 | . . . 8 . 8 Fabricators . | . . . . . . Repair Stations 8 | . . . 3 . 5 Recycling Units . | . . . . . . Scanalyzers . | . . . . . . Garrison Access . | . . . . . . Terminal Hacks 7 | . . . 3 . 4 Emergency Access Points 1 | . . . 1 . . Locate Traps 1 | . . . 1 . . Assault Status 1 | . . . . . 1 Recall Investigation 3 | . . . 1 . 2 Recall Reinforcements 1 | . . . . . 1 Fabricator Hacks . | . . . . . . Repair Station Hacks 7 | . . . 3 . 4 Scan Component 4 | . . . 2 . 2 Repair 3 | . . . 1 . 2 Recycling Unit Hacks . | . . . . . . Scanalyzer . | . . . . . . Garrison Access Hacks . | . . . . . . Unauthorized Hacks . | . . . . . . Terminals . | . . . . . . Fabricators . | . . . . . . Repair Stations . | . . . . . . Recycling Units . | . . . . . . Scanalyzers . | . . . . . . Garrison Access . | . . . . . . Data Cores Recovered . | . . . . . . Used . | . . . . . . Hacking Detections 6 | . . . 4 . 2 Full Trace Events 4 | . . . 2 . 2 Feedback Events . | . . . . . . Feedback Blocked . | . . . . . . Robot Schematics Acquired . | . . . . . . Robots Built . | . . . . . . Authchips . | . . . . . . Time . | . . . . . . Total Robot Build Rating . | . . . . . . Part Schematics Acquired . | . . . . . . Parts Built . | . . . . . . Authchips . | . . . . . . Time . | . . . . . . Total Part Build Rating . | . . . . . . Parts Repaired 3 | . . . 1 . 2 Time 96 | . . . 32 . 64 Parts Recycled . | . . . . . . Recycled Matter . | . . . . . . Retrieved Matter . | . . . . . . Retrieved Components . | . . . . . . Parts Scanalyzed . | . . . . . . Part Schematics Acquired . | . . . . . . Parts Damaged . | . . . . . . Bothacking | -11 -10 -10 -9 -9 -8 ------------ Run | Yrd Mat Min Mat Min Mat Used RIF Installer . | . . . . . . Robots Hacked . | . . . . . . Non-combat . | . . . . . . Combat . | . . . . . . Robot Hacks Applied . | . . . . . . Relay Couplers Released . | . . . . . . Fabnet Peak Effective % . | . . . . . . Robots Rewired . | . . . . . . Allies Hacked . | . . . . . . Hacks Repelled . | . . . . . . Allies | -11 -10 -10 -9 -9 -8 -------- Run | Yrd Mat Min Mat Min Mat Total Allies 1 | . . . . 1 . Largest Group 1 | . . . . 1 1 Highest-Rated Group 31 | . . . . 31 31 Highest-Rated Ally 31 | . . . . 31 31 Total Orders . | . . . . . . Ally Attacks 12 | . . . . . 12 Total Damage 106 | . . . . . 106 Kills . | . . . . . . Allies Corrupted . | . . . . . . Allies Melted . | . . . . . . Intel | -11 -10 -10 -9 -9 -8 ------- Run | Yrd Mat Min Mat Min Mat Robot Analysis Total . | . . . . . . Derelict Logs Recovered 3 | . . 2 . 1 . Drone Launches . | . . . . . . Drone Recoveries . | . . . . . . Exploration | -11 -10 -10 -9 -9 -8 ------------- Run | Yrd Mat Min Mat Min Mat Turns Passed 2444 | 83 327 465 736 225 608 Spaces Moved 1806 | 71 295 460 408 205 367 Core 28 | 7 . . . . 21 Treads . | . . . . . . Legs . | . . . . . . Wheels 1778 | 64 295 460 408 205 346 Hover . | . . . . . . Flight . | . . . . . . Fastest Speed 50 | 50 90 90 95 95 80 Average Speed 98 | 86 90 94 95 95 117 Slowest Speed 550 | 90 90 110 95 95 550 Overloaded Moves . | . . . . . . Propulsion Burnouts . | . . . . . . Robots Hopped . | . . . . . . Cave-ins Triggered . | . . . . . . Exploration Rate (%) 36 | 4 44 77 27 38 28 Regions Visited 5 Branch Regions 2 Pre-discovered Areas 3 | . . 2 . 1 . Known Exits Taken 1 | . . . . 1 . Unknown Exits Taken 4 | 1 1 1 1 . . Scrap Searched 3 | . . 1 . 2 . Spaces Dug . | . . . . . . Terrain Destroyed 530 | . 52 118 78 106 176 Melee . | . . . . . . Projectile . | . . . . . . AOE 530 | . 52 118 78 106 176 Terrain Rammed . | . . . . . . Walls Destroyed . | . . . . . . Machines Disabled . | . . . . . . Actions | -11 -10 -10 -9 -9 -8 --------- Run | Yrd Mat Min Mat Min Mat Total 2384 | 94 335 475 744 223 513 Wait 426 | . . . 319 8 99 Move 1801 | 70 294 459 407 204 367 Hop . | . . . . . . Pick Up 37 | 12 12 3 3 1 6 Fast Attach 3 | . . 1 1 . 1 Attach 26 | 8 6 . 3 1 8 Detach 5 | 2 3 . . . . Swap 12 | . 2 . 6 1 3 Drop 18 | 2 6 4 1 1 4 Fire 56 | . 12 8 4 7 25 Melee . | . . . . . . Ram . | . . . . . . Kick . | . . . . . . Crush . | . . . . . . Escape Stasis . | . . . . . . Rewire . | . . . . . . Trap . | . . . . . . Miscellaneous . | . . . . . . Route ------- -11/Scrapyard -10/Materials -10/Mines -9/Materials (discovered 2 exits: Mat / [*Min]) -9/Mines (discovered 2 exits: *Mat / [*Exi]) -8/Materials History --------- Turn | Location | Event 25 | -11/Scrapyard | Discovered new exit (range 15) 84 | -11/Scrapyard | Entered Materials 312 | -10/Materials | Build established: Mutant 363 | -10/Materials | Discovered new exit (range 14) 411 | -10/Materials | Entered Mines 560 | -10/Mines | Received a Rocket Launcher from a helpful Derelict 590 | -10/Mines | Learned location of Zion (-7) 628 | -10/Mines | Discovered new exit (range 10) 687 | -10/Mines | Learned 2 Materials zone layouts 696 | -10/Mines | Found a hidden stash of uninstalled traps 857 | -10/Mines | Learned location of Storage (-9) 876 | -10/Mines | Entered Materials 876 | -9/Materials | Evolved 2 slots: Utility x1, Weapon x1 877 | -9/Materials | Identified exit to Materials 957 | -9/Materials | Repaired Rocket Launcher 1264 | -9/Materials | Build established: Skirmisher 1599 | -9/Materials | Discovered new exit (range 7) 1612 | -9/Materials | Entered Mines 1614 | -9/Mines | Met a Derelict bent on vengeance 1643 | -9/Mines | Deemed a non-threat by the Exiles lab entrance 1644 | -9/Mines | Discovered new exit (range 5) 1714 | -9/Mines | Escorted by a lone wolf Derelict 1782 | -9/Mines | Discovered exit to Materials (range 10) 1837 | -9/Mines | Entered Materials 1837 | -8/Materials | Accompanied by 1 ally 1837 | -8/Materials | Evolved 2 slots: Power x1, Propulsion x1 2163 | -8/Materials | Repaired Rocket Launcher 2197 | -8/Materials | Repaired Rocket Launcher 2286 | -8/Materials | Destroyed 7 combat bots 2294 | -8/Materials | Lost 3 parts (1n1u1w) 2391 | -8/Materials | Core integrity fell below 50% 2394 | -8/Materials | Lost 8 parts (2p2n4w) 2422 | -8/Materials | Core integrity fell below 20% 2445 | -8/Materials | Destroyed by G-47 Trooper with Particle Gun Last Messages --------------- U-05 Engineer lays Concrete. K-01 Serf destroyed. Electrolysis Chamber disabled. G-47 Trooper destroyed. U-05 Engineer builds a Wall. Rocket Launcher destroyed. Ion Engine destroyed. G-47 Trooper destroyed. The unstable cave ceiling collapses. G-47 Trooper destroyed. The unstable cave ceiling collapses. Rocket Launcher destroyed. K-01 Serf collects debris. Critical hit (Burn: +37). K-01 Serf collects debris. U-05 Engineer builds a Wall. U-05 Engineer lays Concrete. Lgt. Cannon destroyed. U-05 Engineer lays Concrete. Hcp. Matter Pod destroyed. Map ----- +----------------------------------------------------+ | ????????????????????????????????????????????????? | | ????????????????????????????????????????????????? | | ????????????????????????????????????????????????? | | ????????????????????????????????????????????????? | | ????????????????????????????????????????????????? | | ????????????????????????????? #???????????????? | | ??????????????????????????? # ??????????????? | | ??????????????????????????" * ###???????????? | | ??????????????????????????" = #???????????? | | ?????????????????????????"" # #???????????? | | ????????????????????????? = # #???????????? | | ??????????????????????????# # #???????????? | | ????????????????????????### =## ????????????? | | ??????????????????######## ## [ # #????????????? | | ??????????????????# [# #??#######???? | | ??????????????????# [[[ # # #### # # ####? | | ??????????????????? [[[ # # ## # ## #? | | ??????????????????# """ [[ ##### # # ??? | | ??????????????????# """ # # ??? | | ??????????????????# """ * # * #???? | | ??????????????????# # #???? | | ??????????????????# g # # # # # | | ??????????????????######g# # ## # ## | | ?????????????????####### #### # # ##? | | ?????????? o g # ## #??? | | ??????????????# ########@#### # ## #####+ | | ??????????????????????## # ## ## | | ??????????????????????## # # ## ## | | ???????????????????????# ### ### ?# | | ???????????????????????# #?# #####?# ###### | | ???????????????????????#+#?## #?????## ! | | ????????????????????????????# ######## | | ????????????????????????????# # ! | | ????????????????????????????# "% | | ????????????????????????????# % *%= " | | ????????????????????????????#######+#### " | | ??????????????????????????????# " | | ??????????????????????????????#""" % | | ??????????????????????????????#"R %= # ## | | ??????????????????????????????#""" # #? | | ??????????????????????????????# ### #####? | | ??????????????????????????????# """ #?# #????? | | ??????????????????????????????# """ #?# #????? | | ??????????????????????????????# """ ### ###### | | ??????????????????????????????# # !# | | ??????????????????????????????########## ! | | ???????????????????????????????????????# T = ! | | ???????????????????????????????????????# ! | | ???????????????????????????????????????# ! | | ???????????????????????????????????????## ## !# | +----------------------------------------------------+ Best States ------------- Heat Dissipation 31 Energy Generation 17 Energy Capacity 415 Matter Stores 481 Matter Capacity 500 Sight Range 18 Robot Scan Range 14 Terrain Scan Density 10 Resistance: KI 20 Resistance: TH 20 Resistance: EX 20 Resistance: EM 20 Resistance: I 20 Resistance: S 20 Resistance: P 20 Evasion (%) 50 Offensive Hacking 10 Item Schematics ----------------- None Robot Schematics ------------------ None Fabricated ------------ Nothing Alien Tech Used ----------------- None Achievements -------------- GoHome() Oops Challenges ------------ None Game ------ Seed StorageSapperRecalibrator Manual? 0 Play Time 00:48:19 Cumulative 3.6 hours Start 2024.07.20 @ 21:25:09 End 2024.07.21 @ 19:35:38 Sessions 1 Manual Loads 0 Difficulty Adventurer Special Mode None Game No. 3 Rogue 0 Adventurer 3 Explorer 0 Win Type - Total 0 Types 0/0/0/0/0/0/0/0/0 Lore% 0 Gallery% 7 Achievement% 8 Wizard Run 0 Options --------- Layout 1 ASCII 0 Keyboard 0 Movement Mouse Keybinds 0 Fullscreen 0 Font 20/SmallcapsGlow Map View 50x35 Zoom Use 0% Tactical HUD 0 Map Filters NONE Filters NONE Steam 1 RUN: 65078171-d9de-44fb-994c-de5c4367f4d3